[Event "Late-Titled-Tuesday-Blitz-September-12-2023"]
[Site "Chess.com"]
[Date "2023.09.12"]
[Round "4"]
[White "Alphafischer2019"]
[Black "chessprincesa1"]
[Result "1-0"]
[WhiteElo "2570"]
[BlackElo "2271"]
[TimeControl "180+1"]
[EndTime "14:33:24 PDT"]
[Termination "Alphafischer2019 won by resignation"]

1. Nf3 e6 2. b3 Nf6 3. Bb2 d5 4. e3 c5 5. Bb5+ Bd7 6. Bxd7+ Nbxd7 7. d3 Bd6 8. Nbd2 O-O 9. e4 Qc7 10. Qe2 e5 11. O-O Rfe8 12. exd5 Nxd5 13. Nc4 b5 14. Nxd6 Qxd6 15. a4 b4 16. Nd2 Nf4 17. Qf3 Qd5 18. Qxd5 Nxd5 19. Nc4 f6 20. a5 a6 21. g3 Re6 22.
Kg2 Rae8 23. Rae1 e4 24. dxe4 Rxe4 25. Rxe4 Rxe4 26. Rd1 1-0

[Event "Late-Titled-Tuesday-Blitz-September-12-2023"]
[Site "Chess.com"]
[Date "2023.09.12"]
[Round "4"]
[White "kingofthenil"]
[Black "kleopl"]
[Result "1-0"]
[WhiteElo "2790"]
[BlackElo "2539"]
[TimeControl "180+1"]
[EndTime "14:33:45 PDT"]
[Termination "kingofthenil won by resignation"]

1. e4 c5 2. Nf3 d6 3. d4 cxd4 4.
Nxd4 Nf6 5. Nc3 a6 6. g3 e5 7.
Nde2 Be7 8. Bg2 O-O 9. h3 Nbd7 10. a4 b6 11. O-O Bb7 12. g4 Rc8 13. Ng3 g6 14. g5 Ne8 15. h4 Ng7 16. f4 exf4 17. Bxf4 Ne5 18. Nd5 Bxd5 19. exd5 Rc4 20. b3 Rc3 21. Ne4 Rc7 22. Bxe5 dxe5 23. d6 Bxd6 24. Qxd6 Rxc2 25. Qxd8 Rxd8 26. Rad1 Rxd1 27. Nf6+ Kf8 28. Rxd1 Ne6 29. Rd7 Nf4 30. Bd5 Nxd5 31. Nxd5 b5 32. Rd8+ Kg7 33. Nf6 1-0

[Event "Late-Titled-Tuesday-Blitz-September-12-2023"]
[Site "Chess.com"]
[Date "2023.09.12"]
[Round "4"]
[White "YellowJacek"]
[Black "Cirky"]
[Result "0-1"]
[WhiteElo "2324"]
[BlackElo "2476"]
[TimeControl "180+1"]
[EndTime "14:33:55 PDT"]
[Termination "Cirky won by resignation"]

1. e4 e5 2. Nf3 Nc6 3. Bb5 Nf6 4.
O-O Nxe4 5. d4 Nd6 6. dxe5 Nxb5 7. a4 d5 8. axb5 Ne7 9. Bg5 Be6 10. Nbd2 h6 11.
Bh4 Qd7 12. Qe2 Nf5 13. Nb3 Nxh4 14. Nxh4 Be7 15. Nf3 Bg4 16. h3 Bh5 17. g4 Bg6 18.
Nfd4 h5 19. e6 Qd6 20. exf7+ Kxf7 21. f4 hxg4 22. f5 Qg3+ 0-1

[Event "Late-Titled-Tuesday-Blitz-September-12-2023"]
[Site "Chess.com"]
[Date "2023.09.12"]
[Round "4"]
[White "GothamChess"]
[Black "dennisodessa"]
[Result "1-0"]
[WhiteElo "2731"]
[BlackElo "2526"]
[TimeControl "180+1"]
[EndTime "14:34:05 PDT"]
[Termination "GothamChess won by resignation"]

1. e4 e6 2. b3 d5 3. Bb2 dxe4 4. Nc3 Nf6 5. Qe2 Nbd7 6. O-O-O b6 7. g4 h6 8. Bg2 Bb7 9. h4 Be7 10. g5 hxg5 11.
hxg5 Rxh1 12. Bxh1 Nd5 13. g6 f5 14. f3 N7f6 15.
fxe4 Nxc3 16. dxc3 Qc8 17. Qh2 fxe4 18. Qh8+ Bf8 19.
c4 Ke7 20. Qh4 Qe8 21. Bxf6+ 1-0

[Event "Late-Titled-Tuesday-Blitz-September-12-2023"]
[Site "Chess.com"]
[Date "2023.09.12"]
[Round "4"]
[White "Vladimir_Zakhartsov"]
[Black "FairChess_on_YouTube"]
[Result "0-1"]
[WhiteElo "2876"]
[BlackElo "3063"]
[TimeControl "180+1"]
[EndTime "14:34:11 PDT"]
[Termination "FairChess_on_YouTube won by resignation"]

1. d4 Nf6 2. c4 e6 3. Nf3 b6 4. a3 Bb7 5. Nc3 Ne4 6. Nxe4 Bxe4 7. Bf4 d6 8. e3 Nd7 9. Bd3 Bb7 10. e4 g6 11. O-O Bg7 12. Rc1 O-O 13. Re1 e5 14. Be3 a5 15. b4 axb4 16. axb4 exd4 17. Bxd4 Ra3 18. Qd2 Ne5 19. Nxe5 dxe5 20. Bc3 Qd7 21. Bf1 Rd8 22. Qb2 Qa4 23. Ra1 Ra8 24. Rxa3 Qxa3 25. Bxe5 Qxb2 0-1

[Event "Late-Titled-Tuesday-Blitz-September-12-2023"]
[Site "Chess.com"]
[Date "2023.09.12"]
[Round "4"]
[White "TatjanaVasilevich"]
[Black "Efremov_Vlad"]
[Result "1-0"]
[WhiteElo "2579"]
[BlackElo "2373"]
[TimeControl "180+1"]
[EndTime "14:34:12 PDT"]
[Termination "TatjanaVasilevich won by resignation"]

1. e4 c5 2. Nf3 e6 3. d4 cxd4 4. Nxd4 Nf6 5. Nc3 Nc6 6. Ndb5 Bb4 7. a3 Bxc3+ 8. Nxc3 d5 9. exd5 exd5 10. Bg5 O-O 11.
Be2 Re8 12. O-O d4 13. Nb1 Bf5 14. Bd3 Bxd3 15. Qxd3 Qd6 16. Nd2 Ne5 17. Qg3 Rad8 18. Rfe1 Kf8 19. Bf4 Nfd7 20. Nc4 Qc5 21. Nxe5 Nxe5 22.
Bxe5 f6 23. Bf4 Qxc2 24. Rec1 Qe2 25. h4 d3 26. Rc7 g6 27. Bh6+ Kg8 28. Rg7+ Kh8 29.
Qc7 1-0

[Event "Late-Titled-Tuesday-Blitz-September-12-2023"]
[Site "Chess.com"]
[Date "2023.09.12"]
[Round "4"]
[White "chessisveryfun1264"]
[Black "Iball95"]
[Result "0-1"]
[WhiteElo "2536"]
[BlackElo "2781"]
[TimeControl "180+1"]
[EndTime "14:34:14 PDT"]
[Termination "Iball95 won by resignation"]

1. e4 c5 2. Nf3 e6 3. g3 d5 4.
exd5 exd5 5. Bg2 Nf6 6. O-O Be7 7. d4 O-O 8. dxc5 Bxc5 9. Bg5 Nc6 10. Nc3 Be6 11.
Qd2 h6 12. Bh4 d4 13. Bxf6 Qxf6 14. Ne4 Qe7 15. Nxc5 Qxc5 16. Rad1 Rfd8 17. a3 Rac8 18. Qd3 Bc4 19. Qe4 Bxf1 20. Bxf1 Re8 21. Qd3 g6 22. Qd2 Kg7 23. b4 Qd5 24. Bg2 Qc4 25. Bf1 Qc3 26. Qf4 Qxc2 27. Rd2 Qe4 28. Qxe4 Rxe4 29. b5 Ne5 30. Nxd4 Rxd4 31. Rxd4 Nf3+ 0-1

[Event "Late-Titled-Tuesday-Blitz-September-12-2023"]
[Site "Chess.com"]
[Date "2023.09.12"]
[Round "4"]
[White "Eloist"]
[Black "Rinqed222"]
[Result "1-0"]
[WhiteElo "2496"]
[BlackElo "2244"]
[TimeControl "180+1"]
[EndTime "14:34:16 PDT"]
[Termination "Eloist won by resignation"]

1. e4 e6 2. d4 d5 3. Nd2 c5 4. Ngf3 cxd4 5. Nxd4 Nc6 6. Bb5 Bd7 7. Nxc6 bxc6 8.
Bd3 Bd6 9. Qe2 Qc7 10. Nf3 dxe4 11. Qxe4 Nf6 12. Qh4 O-O-O 13. O-O Kb8 14. Bg5 Be7 15.
Bf4 Bd6 16. Bxd6 Qxd6 17. Rfe1 Nd5 18. Ne5 Be8 19. c4 Nb4 20. Rad1 Qc5 21. Qxd8+ 1-0

[Event "Late-Titled-Tuesday-Blitz-September-12-2023"]
[Site "Chess.com"]
[Date "2023.09.12"]
[Round "4"]
[White "jup1978"]
[Black "KVAIDAN"]
[Result "0-1"]
[WhiteElo "2481"]
[BlackElo "2269"]
[TimeControl "180+1"]
[EndTime "14:34:20 PDT"]
[Termination "KVAIDAN won by resignation"]

1. d4 e6 2. c4 f5 3. g3 Nf6 4.
Bg2 Be7 5. Nf3 O-O 6. O-O d6 7. Nc3 a5 8. Re1 Ne4 9. Qc2 Nxc3 10.
Qxc3 Nc6 11. b3 e5 12. dxe5 dxe5 13. a3 e4 14. Qc2 exf3 15. exf3 Bf6 16. Ra2 Nd4 17. Qd3 c5 18. f4 Rb8 19. a4 Bd7 20. Bd5+ Kh8 21. Be3 Bc6 22. Bxd4 Bxd4 23. Be6 Be4 24. Rxe4 Bxf2+ 25. Kxf2 Qxd3 26. Re3 Qd4 27. Kf3 Rbe8 28. Rae2 h6 29. h4 Rf6 30. Bd5 Rxe3+ 31.
Rxe3 Rf8 32. h5 Qd1+ 33. Kf2 Qxh5 34. Bxb7 Qh2+ 35. Kf1 Rd8 36. Bd5 Qd2 37. Re5 Qd3+ 38. Kg2 Qxb3 39. Rxf5 Qc2+ 0-1

[Event "Late-Titled-Tuesday-Blitz-September-12-2023"]
[Site "Chess.com"]
[Date "2023.09.12"]
[Round "4"]
[White "Arteler"]
[Black "PNEPaul"]
[Result "1-0"]
[WhiteElo "2479"]
[BlackElo "1909"]
[TimeControl "180+1"]
[EndTime "14:34:22 PDT"]
[Termination "Arteler won by resignation"]

1. e4 e5 2. Nf3 Nc6 3. Bb5 f5 4. Nc3 Nf6 5. d4 fxe4 6. Nxe5 Be7 7. f3 exf3 8. Nxf3 O-O 9. d5 Nb8 10. O-O d6 11. h3 c6 12. Bc4 c5 13. Bg5 a6 14. a4 h6 15. Bh4 Nh5 16. Bxe7 Qxe7 17. Qd2 Nf4 18. Rae1 Qf6 19. Ne4 Qg6 20. Kh2 Nxh3 21.
gxh3 Qh5 22. Ng1 Bf5 23. Ng3 Qg6 24. Nxf5 Rxf5 25. Bd3 1-0

[Event "Late-Titled-Tuesday-Blitz-September-12-2023"]
[Site "Chess.com"]
[Date "2023.09.12"]
[Round "4"]
[White "Chessdreamer2020"]
[Black "picturesquecheck"]
[Result "1-0"]
[WhiteElo "2514"]
[BlackElo "2332"]
[TimeControl "180+1"]
[EndTime "14:34:27 PDT"]
[Termination "Chessdreamer2020 won by resignation"]

1. e4 c5 2. Nf3 Nc6 3. Bb5 e6 4. b3 Nge7 5. Bb2 a6 6. Bxc6 Nxc6 7. O-O d5 8. exd5 Qxd5 9. Nc3 Qd8 10. Ne4 b5 11. Re1 Bb7 12. a4 Nd4 13. Nxd4 cxd4 14.
Qh5 bxa4 15. Rxa4 d3 16. Rd4 Qc7 17. c4 Rd8 18. Rxd8+ Qxd8 19. Ng5 g6 20. Qg4 Be7 21. Nxe6 fxe6 22. Bxh8 Qa5 1-0

[Event "Late-Titled-Tuesday-Blitz-September-12-2023"]
[Site "Chess.com"]
[Date "2023.09.12"]
[Round "4"]
[White "Casper"]
[Black "KamlaPasand"]
[Result "1-0"]
[WhiteElo "2469"]
[BlackElo "2288"]
[TimeControl "180+1"]
[EndTime "14:34:28 PDT"]
[Termination "Casper won by resignation"]

1. e4 e5 2. d4 exd4 3. Qxd4 Nc6 4. Qe3 Nf6 5. Nc3 Bb4 6. Bd2 O-O 7. O-O-O d6 8. Bc4 Be6 9. Bxe6 fxe6 10. Nge2 Ng4 11.
Qh3 Nxf2 12. Qxe6+ Kh8 13. Ng3 Nxh1 14. Rxh1 Qf6 15.
Qg4 Ne5 16. Qh3 Nc4 17. Be1 Qg5+ 18. Kb1 a5 19. a3 Bc5 20. Nf5 Ne3 21. Bd2 Qxg2 22.
Qxg2 Nxg2 23. Nd5 c6 24. Nc7 Rac8 25. Ne6 Rf6 26. Nxc5 dxc5 27. Rg1 Rg6 28. Ne7 Rd6 29. Bc3 Re8 30. Bxg7+ Kxg7 31. Nf5+ Kf6 32. Nxd6 Rd8 33.
e5+ Ke6 34. Rxg2 1-0

[Event "Late-Titled-Tuesday-Blitz-September-12-2023"]
[Site "Chess.com"]
[Date "2023.09.12"]
[Round "4"]
[White "ARTHURMOTIVATOR"]
[Black "DefiantChair"]
[Result "0-1"]
[WhiteElo "2383"]
[BlackElo "2665"]
[TimeControl "180+1"]
[EndTime "14:34:33 PDT"]
[Termination "DefiantChair won by resignation"]

1. e4 c5 2. b3 g6 3. Bb2 Nf6 4. e5 Nd5 5. Nf3 Bg7 6. d4 cxd4 7. Qxd4 Nc7 8. Nbd2 O-O 9. O-O-O d5 10. Qh4 Nc6 11.
Kb1 Bf5 12. g4 Bc8 13. a3 b5 14. Bd3 b4 15. a4 Ne6 16. Ng5 Nxg5 17. Qxg5 h6 18. Qh4 Nxe5 19. Bxe5 Bxe5 20. Qxh6 Bg7 21. Qf4 e5 22. Qg3 e4 23. Nxe4 dxe4 24. Bxe4 Qf6 25. c3 bxc3 26. Kc2 Rb8 27. g5 Qb6 28. h4 Qxb3+ 0-1

[Event "Late-Titled-Tuesday-Blitz-September-12-2023"]
[Site "Chess.com"]
[Date "2023.09.12"]
[Round "4"]
[White "Hilary46"]
[Black "vi_pranav"]
[Result "0-1"]
[WhiteElo "2556"]
[BlackElo "2986"]
[TimeControl "180+1"]
[EndTime "14:34:37 PDT"]
[Termination "vi_pranav won by resignation"]

1. e4 c6 2. d4 d5 3. e5 Bf5 4.
c4 e6 5. Nc3 Bb4 6. Qb3 Bxc3+ 7. Qxc3 Ne7 8. Nf3 Nd7 9. c5 b6 10. b4 a5 11. a3 O-O 12. Bg5 h6 13. Bh4 Be4 14. Be2 axb4 15. axb4 Rxa1+ 16. Qxa1 g5 17. Bg3 Qa8 18. O-O Nf5 19. Qc3 Qa2 20. Nd2 bxc5 21.
dxc5 Ra8 22. Nxe4 Qxe2 23. Nd6 d4 24. Qb3 d3 25. Qc4 Qxf1+ 0-1

[Event "Late-Titled-Tuesday-Blitz-September-12-2023"]
[Site "Chess.com"]
[Date "2023.09.12"]
[Round "4"]
[White "Francisco_Ferrari"]
[Black "GiorgianBarbosa"]
[Result "0-1"]
[WhiteElo "2225"]
[BlackElo "2432"]
[TimeControl "180+1"]
[EndTime "14:34:37 PDT"]
[Termination "GiorgianBarbosa won by resignation"]

1. d4 Nf6 2. Bg5 e6 3. Bxf6 Qxf6 4. e4 d6 5. Nf3 Nc6 6. c3 e5 7. d5 Nb8 8. Nbd2 g6 9. Be2 Bg7 10. O-O O-O 11. c4 a5 12. b3 Qe7 13. a3 Na6 14. b4 f5 15. Qb3 f4 16. c5 g5 17. Bxa6 Rxa6 18. b5 Ra8 19. b6 g4 20. Ne1 Kh8 21. bxc7 dxc5 22. Qb6 Ra6 23. d6 Qd7 24. Qxc5 Rxd6 25.
Nc4 Rc6 26. Qb5 Qxc7 27. Nxa5 Rc5 28. Qb4 Qxa5 0-1

[Event "Late-Titled-Tuesday-Blitz-September-12-2023"]
[Site "Chess.com"]
[Date "2023.09.12"]
[Round "4"]
[White "PotapovaM"]
[Black "KafkaesqueKnight"]
[Result "1-0"]
[WhiteElo "2642"]
[BlackElo "2391"]
[TimeControl "180+1"]
[EndTime "14:34:38 PDT"]
[Termination "PotapovaM won by resignation"]

1. e4 c5 2. Nc3 Nc6 3. Bb5 Nd4 4. Nf3 Nxb5 5. Nxb5 e6 6. d4 Qa5+ 7. Nc3 cxd4 8. Qxd4 Nf6 9. O-O d6 10. Bg5 Be7 11.
Bxf6 gxf6 12. Nd2 Qe5 13. Qd3 Bd7 14. Nc4 Qc5 15. Rad1 Rd8 16. Nxd6+ Bxd6 17. Qxd6 Qxd6 18. Rxd6 Ke7 19. Rd3 Bc6 20. Rfd1 Rxd3 21. Rxd3 Rg8 22. f3 Rg5 23. Kf2 h5 24. h4 Ra5 25. Ke3 b5 26. a3 Ra6 27. Ne2 Rb6 28. b4 Bd7 29.
Ng3 Rc6 30. Kd2 f5 31. exf5 Rc4 32. f6+ Ke8 33. Ne4 Rc6 34. Nd6+ Kf8 1-0

[Event "Late-Titled-Tuesday-Blitz-September-12-2023"]
[Site "Chess.com"]
[Date "2023.09.12"]
[Round "4"]
[White "DryCounty"]
[Black "NovakCabarkapa"]
[Result "1-0"]
[WhiteElo "2666"]
[BlackElo "2809"]
[TimeControl "180+1"]
[EndTime "14:34:41 PDT"]
[Termination "DryCounty won by resignation"]

1. e4 g6 2. d4 Bg7 3. Nf3 c6 4. c3 d5 5. Nbd2 dxe4 6. Nxe4 Nf6 7. Nxf6+ exf6 8. Bc4 Ke7 9. O-O Re8 10. Qb3 Kf8 11.
Bxf7 Re7 12. Bc4 b5 13. Bd3 Bg4 14. Nh4 Be6 15. Qc2 Bf7 16. Bd2 Nd7 17. Rfe1 Rxe1+ 18. Rxe1 Nb6 19. b3 a5 20. Nf3 a4 21. c4 axb3 22.
axb3 Kg8 23. cxb5 cxb5 24. Bxb5 Rc8 25. Qd3 Qd5 26. Ba5 Qd6 27. Bxb6 Qxb6 28. Bc4 Bxc4 29. bxc4 Qb4 30. c5 Rd8 31. Rd1 f5 32. g3 Qa4 33.
d5 1-0

[Event "Late-Titled-Tuesday-Blitz-September-12-2023"]
[Site "Chess.com"]
[Date "2023.09.12"]
[Round "4"]
[White "thedjoker98"]
[Black "micke12a"]
[Result "1-0"]
[WhiteElo "2618"]
[BlackElo "2386"]
[TimeControl "180+1"]
[EndTime "14:34:53 PDT"]
[Termination "thedjoker98 won by resignation"]

1. d4 Nf6 2. c4 e6 3. Nc3 d5 4.
cxd5 exd5 5. Bg5 c6 6. e3 Be7 7.
Bd3 O-O 8. Qc2 Nbd7 9. Nf3 h6 10. Bh4 Re8 11. O-O Nf8 12. h3 Ne6 13. Ne5 Bd6 14. f4 Be7 15. Rae1 Nd7 16. Bxe7 Qxe7 17. f5 Ng5 18. Nxd7 Bxd7 19. f6 Qd6 20. fxg7 Qg3 21. Kh1 Rxe3 22. Rxe3 Qxe3 23. h4 Ne4 24. Bxe4 dxe4 25.
Nxe4 Kxg7 26. Nf6 Be6 27. Qh7+ Kf8 28. Qh8+ Ke7 29. Qxa8 Qxd4 30. Qe8+ Kd6 31. Qd8+ 1-0

[Event "Late-Titled-Tuesday-Blitz-September-12-2023"]
[Site "Chess.com"]
[Date "2023.09.12"]
[Round "4"]
[White "Maksimus1998"]
[Black "ljm509"]
[Result "1-0"]
[WhiteElo "2557"]
[BlackElo "2365"]
[TimeControl "180+1"]
[EndTime "14:34:55 PDT"]
[Termination "Maksimus1998 won by resignation"]

1. d4 Nf6 2. Nf3 e6 3. e3 d5 4. Bd3 c5 5. b3 Nc6 6. O-O cxd4 7. exd4 Bd6 8. Bb2 O-O 9. a3 a5 10. Nbd2 Re8 11. Qe2 Ne7 12. Ne5 Ng6 13. f4 Bxe5 14.
fxe5 Nd7 15. Rf3 Ndf8 16. Raf1 Re7 17. g3 Rc7 18. h4 b5 19. h5 Nh8 20. Qe3 h6 21.
R1f2 Bd7 22. Nf1 Rac8 23. Bc1 Nh7 24. Rf4 Ng5 25. Rg4 Kf8 26. Kg2 b4 27. axb4 axb4 28. Qe1 Rb7 29. Bxg5 hxg5 30. Qd2 f6 31. exf6 gxf6 32.
Qxg5 Nf7 33. Qg7+ Ke8 34. Rxf6 Qe7 35. Rxf7 Qxf7 36. Bg6 Qxg6 37. Qxg6+ 1-0

[Event "Late-Titled-Tuesday-Blitz-September-12-2023"]
[Site "Chess.com"]
[Date "2023.09.12"]
[Round "4"]
[White "PabloZarnicki"]
[Black "talaicito"]
[Result "1-0"]
[WhiteElo "2495"]
[BlackElo "2210"]
[TimeControl "180+1"]
[EndTime "14:34:56 PDT"]
[Termination "PabloZarnicki won by resignation"]

1. e4 c5 2. Nf3 d6 3. Bb5+ Nd7 4. d4 cxd4 5. Qxd4 a6 6. Bxd7+ Bxd7 7. Nc3 Nf6 8. Bg5 e6 9. O-O-O Rc8 10. e5 dxe5 11. Nxe5 Rc7 12. Ne4 Be7 13. Nd6+ Bxd6 14. Qxd6 Qc8 15.
Bxf6 gxf6 16. Ng4 Qd8 17. Nxf6+ Qxf6 18. Qxc7 Bc6 19. Qb8+ Ke7 20. Qd6+ Ke8 21. f3 h5 22. Rd2 Rh6 23. Rhd1 Bd5 24. Rxd5 exd5 25. Re1+ Qe6 26. Qb8+ Ke7 27. Qxb7+ Kf6 28. Rxe6+ fxe6 29. Qxa6 1-0

[Event "Late-Titled-Tuesday-Blitz-September-12-2023"]
[Site "Chess.com"]
[Date "2023.09.12"]
[Round "4"]
[White "DishonorOnYourCow"]
[Black "jaldjald"]
[Result "0-1"]
[WhiteElo "2484"]
[BlackElo "2369"]
[TimeControl "180+1"]
[EndTime "14:34:56 PDT"]
[Termination "jaldjald won by checkmate"]

1. d4 d5 2. c4 e6 3. Nc3 c5 4. cxd5 exd5 5. Nf3 Nc6 6. dxc5 d4 7. Na4 Bxc5 8. Nxc5 Qa5+ 9. Bd2 Qxc5 10. e3 dxe3 11. Bxe3 Qb4+ 12. Bd2 Qe7+ 13. Be2 Nf6 14. O-O O-O 15.
Re1 Rd8 16. Qc2 Bg4 17. Bc3 Rac8 18. Ng5 Nd4 19. Bxg4 Qxe1+ 20. Rxe1 Nxc2 21. Bxf6 Nxe1 22. Bxd8 Rxd8 23. Kf1 Nd3 24. Bf3 b6 25. b3 Nc1 26.
Be4 Rd1# 0-1

[Event "Late-Titled-Tuesday-Blitz-September-12-2023"]
[Site "Chess.com"]
[Date "2023.09.12"]
[Round "4"]
[White "HajiyevKanan"]
[Black "Inepton_Fermion"]
[Result "1-0"]
[WhiteElo "2509"]
[BlackElo "2354"]
[TimeControl "180+1"]
[EndTime "14:34:57 PDT"]
[Termination "HajiyevKanan won by resignation"]

1. d4 Nf6 2. c4 e6 3. Nf3 b6 4. a3 Bb7 5. Nc3 Ne4 6. Qc2 Nxc3 7. Qxc3 Be7 8. g3 a5 9. b3 O-O 10. Bg2 d6 11. O-O Nd7 12. Bb2 f5 13. Rad1 Qe8 14. d5 Bf6 15. Qd2 Bxb2 16. Qxb2 e5 17. Ng5 Nc5 18.
b4 Na4 19. Qc2 Bc8 20. Ne6 Rf7 21. f4 e4 22. e3 axb4 23. axb4 Bxe6 24. dxe6 Qxe6 25.
Ra1 Qd7 26. b5 1-0

[Event "Late-Titled-Tuesday-Blitz-September-12-2023"]
[Site "Chess.com"]
[Date "2023.09.12"]
[Round "4"]
[White "Gentlejimmy7"]
[Black "kaanadayhamle"]
[Result "0-1"]
[WhiteElo "2541"]
[BlackElo "2427"]
[TimeControl "180+1"]
[EndTime "14:34:58 PDT"]
[Termination "kaanadayhamle won on time"]

1. e4 c6 2. d4 d5 3. exd5 cxd5 4. Bd3 Nf6 5. h3 Nc6 6. c3 g6 7. Nf3 Bg7 8. O-O O-O 9. Re1 Bf5 10. Bf1 Qc7 11. Na3 a6 12. Nc2 Bxc2 13. Qxc2 Ne4 14. Bd3 f5 15. Qb3 e6 16. Ng5 Rae8 17. f3 Qg3 18.
Rxe4 fxe4 19. Be2 h6 20. Qxb7 Nd8 21. Qxa6 hxg5 22. fxe4 Rf2 23. Bf1 Ref8 0-1

[Event "Late-Titled-Tuesday-Blitz-September-12-2023"]
[Site "Chess.com"]
[Date "2023.09.12"]
[Round "4"]
[White "cthulhuuu"]
[Black "Good_Knight_Kiss"]
[Result "1-0"]
[WhiteElo "2492"]
[BlackElo "2341"]
[TimeControl "180+1"]
[EndTime "14:34:58 PDT"]
[Termination "cthulhuuu won by resignation"]

1. e4 c5 2. Nf3 d6 3. g3 Nf6 4. d3 g6 5. Bg2 Bg7 6. O-O O-O 7. Re1 Nc6 8. e5 dxe5 9. Nxe5 Nxe5 10. Rxe5 Ng4 11. Re2 c4 12. h3 cxd3 13. cxd3 Ne5 14. d4 Nc6 15. d5 Nd4 16. Rd2 Qb6 17.
Nc3 Bd7 18. Rd3 Rac8 19. Be3 Qxb2 20. Rb1 Qc2 21. Bxd4 Rxc3 22. Rxc3 1-0

[Event "Late-Titled-Tuesday-Blitz-September-12-2023"]
[Site "Chess.com"]
[Date "2023.09.12"]
[Round "4"]
[White "antispeciesism"]
[Black "Miguelitro69"]
[Result "0-1"]
[WhiteElo "2049"]
[BlackElo "2281"]
[TimeControl "180+1"]
[EndTime "14:35:00 PDT"]
[Termination "Miguelitro69 won by resignation"]

1. d4 Nf6 2. c4 d6 3. Nc3 g6 4. e4 Bg7 5. Nf3 O-O 6. Be2 e5 7. O-O exd4 8. Nxd4 Re8 9. f3 Nc6 10. Be3 Be6 11. Qd2 Nd7 12. Nxc6 bxc6 13. Bg5 Qb8 14. Rac1 Qb4 15. b3 a5 16. Rfd1 Nc5 17. Be3 a4 18. Nb1 Qxd2 19. Nxd2 axb3 20. axb3 Ra2 21. b4 Na4 22.
Nb1 0-1

[Event "Late-Titled-Tuesday-Blitz-September-12-2023"]
[Site "Chess.com"]
[Date "2023.09.12"]
[Round "4"]
[White "Andrej2004"]
[Black "lachesisQ"]
[Result "0-1"]
[WhiteElo "2558"]
[BlackElo "3083"]
[TimeControl "180+1"]
[EndTime "14:35:04 PDT"]
[Termination "lachesisQ won by checkmate"]

1. e4 c5 2. Nf3 e6 3. d4 cxd4 4. Nxd4 Nc6 5. c4 Nf6 6. Nc3 Bb4 7. Qd3 O-O 8. Nc2 d5 9. cxd5 exd5 10. exd5 Nxd5 11.
Be2 Nxc3 12. Nxb4 Nxe2 13. Qxd8 Rxd8 14. Nxc6 Re8 15. Be3 Nf4 16. O-O Ne2+ 17. Kh1 bxc6 18.
Rfe1 Ba6 19. Rad1 Red8 20. g3 c5 21. Kg2 Nd4 22. b4 Bb7+ 23. Kh3 Nf3 24. Rxd8+ Rxd8 25. Rc1 cxb4 26. Rc7 Ba6 27. Rxa7 Bc4 28. Ra4 h5 29. a3 Bf1# 0-1

[Event "Late-Titled-Tuesday-Blitz-September-12-2023"]
[Site "Chess.com"]
[Date "2023.09.12"]
[Round "4"]
[White "Kosak12"]
[Black "ArtemDyachuk"]
[Result "1-0"]
[WhiteElo "2797"]
[BlackElo "2540"]
[TimeControl "180+1"]
[EndTime "14:35:07 PDT"]
[Termination "Kosak12 won by checkmate"]

1. e4 c5 2. Nf3 d6 3. d4 cxd4 4. Nxd4 Nf6 5. Nc3 Nc6 6. Bg5 e6 7. Bb5 Bd7 8. Bxc6 bxc6 9. Qf3 e5 10.
Nf5 Rb8 11. O-O-O Qb6 12. Nxd6+ Bxd6 13. Rxd6 Qxb2+ 14. Kd2 Qb4 15. Rxf6 gxf6 16. Qxf6 Be6 17. Qxh8+ Kd7 18. Qxe5 Rb5 19. Rb1 Rxe5 20. Rxb4 Rxg5 21. g3 Rh5 22. h4 Ra5 23. a4 Kd6 24. Ke3 Kc5 25.
Rb7 Kc4 26. Kd2 c5 27. f4 Ra6 28. Nb5 Rxa4 29. Nd6+ Kd4 30. c3# 1-0

[Event "Late-Titled-Tuesday-Blitz-September-12-2023"]
[Site "Chess.com"]
[Date "2023.09.12"]
[Round "4"]
[White "Dr_crypt"]
[Black "CixPer1968"]
[Result "1-0"]
[WhiteElo "2428"]
[BlackElo "2203"]
[TimeControl "180+1"]
[EndTime "14:35:10 PDT"]
[Termination "Dr_crypt won by resignation"]

1. d4 d5 2. c4 c6 3. cxd5 cxd5 4.
Bf4 Nf6 5. e3 Nc6 6. Nc3 a6 7.
Rc1 Bf5 8. Qb3 Na5 9. Qa4+ b5 10. Qd1 e6 11. Nf3 Bd6 12. Bg5 h6 13. Bh4 Rc8 14.
Bd3 Bxd3 15. Qxd3 O-O 16. O-O Nc4 17. b3 Nb6 18. Ne5 Be7 19. a4 b4 20. Na2 a5 21. Qb5 Nbd7 22. Rxc8 Qxc8 23. Nxd7 Nxd7 24. Bxe7 Re8 25. Rc1 1-0

[Event "Late-Titled-Tuesday-Blitz-September-12-2023"]
[Site "Chess.com"]
[Date "2023.09.12"]
[Round "4"]
[White "Michalczak"]
[Black "Al_Shima"]
[Result "1-0"]
[WhiteElo "2500"]
[BlackElo "2350"]
[TimeControl "180+1"]
[EndTime "14:35:11 PDT"]
[Termination "Michalczak won by resignation"]

1. e4 d5 2. exd5 Nf6 3. d4 Bg4 4. Bb5+ c6 5. Be2 Bxe2 6. Qxe2 cxd5 7. Nf3 Nc6 8. c3 e6 9. Bg5 Be7 10. Bxf6 Bxf6 11. O-O O-O 12. Nbd2 Rb8 13. a4 a6 14. Rfe1 b5 15. axb5 axb5 16. b4 Ne7 17. Nb3 Nf5 18.
Nc5 Nd6 19. Ra6 Nc4 20. g3 Ra8 21. Rea1 Rxa6 22. Rxa6 Qc7 23. h4 g6 24. Kg2 h5 25.
Nd2 Nd6 26. Nxe6 fxe6 27. Qxe6+ Rf7 28. Rxd6 Qxc3 29. Rd7 1-0

[Event "Late-Titled-Tuesday-Blitz-September-12-2023"]
[Site "Chess.com"]
[Date "2023.09.12"]
[Round "4"]
[White "diamonds13"]
[Black "JoseRemolar"]
[Result "1-0"]
[WhiteElo "2362"]
[BlackElo "2477"]
[TimeControl "180+1"]
[EndTime "14:35:11 PDT"]
[Termination "diamonds13 won by resignation"]

1. d4 g6 2. e4 Bg7 3. c4 d6 4. Nc3 Nc6 5. Be3 e5 6. d5 Nce7 7. g4 f5 8. gxf5 gxf5 9. Qh5+ Kf8 10. exf5 Nf6 11. Qe2 Bxf5 12. Bh3 Qd7 13. Bxf5 Qxf5 14. Nf3 Ng6 15. Ng5 Re8 16. Ne6+ Rxe6 17. dxe6 Qxe6 18. O-O-O Kf7 19. Nd5 b5 20. Nxc7 Qxc4+ 21. Qxc4+ bxc4 22. Rxd6 Rc8 23. Nb5 Bf8 24. Ra6 Nf4 25.
Bxf4 exf4 26. Rxa7+ Kg6 27. Rg1+ Kf5 28. Ra5 Bc5 29.
Nd6+ 1-0

[Event "Late-Titled-Tuesday-Blitz-September-12-2023"]
[Site "Chess.com"]
[Date "2023.09.12"]
[Round "4"]
[White "ahkashefi2800"]
[Black "F-Ghaith2021"]
[Result "1-0"]
[WhiteElo "2612"]
[BlackElo "2376"]
[TimeControl "180+1"]
[EndTime "14:35:12 PDT"]
[Termination "ahkashefi2800 won by checkmate"]

1. d4 Nf6 2. Nf3 e6 3. g3 d5 4. Bg2 Be7 5. O-O O-O 6. c4 c6 7. Nc3 Nbd7 8. b3 b6 9. Bb2 Ba6 10. Nd2 Rc8 11. Rc1 Re8 12. e4 dxe4 13. Ncxe4 Nxe4 14.
Bxe4 Bf6 15. Bb1 g6 16. Re1 c5 17. Ne4 cxd4 18. Bxd4 Bxd4 19. Qxd4 e5 20. Qxd7 Qxd7 21. Nf6+ Kg7 22. Nxd7 Rc7 23. Rcd1 f6 24. f4 Bc8 25. Nb8 Bg4 26. Na6 Rce7 27. Rc1 e4 28. Nb4 e3 29. Nd5 Rd7 30. Rxe3 Rxd5 31. Rxe8 Rd2 32. Ree1 Bf3 33. Rc2 Rd4 34. Kf2 Bc6 35. Rce2 Kh6 36. Be4 Bd7 37. Bf3 a5 38. Re7 Bf5 39. h4 Rd2+ 40. R1e2 Rd1 41.
g4 Bd3 42. g5+ fxg5 43. hxg5# 1-0